 Dungeon Crawl Stone Soup version 0.19.0-19-g8c6edcc (console) character file.

98 Eviona the Changer (level 4, 0/32 HPs)
             Began as a Merfolk Transmuter on Nov 16, 2016.
             Was an Initiate of Elyvilon.
             Succumbed to an adder's poison
             ... on level 2 of the Dungeon.
             The game lasted 00:06:26 (2361 turns).

Eviona the Changer (Merfolk Transmuter)             Turns: 2361, Time: 00:06:26

Health: 0/32       AC:  2    Str:  9 (10) XL:     4   Next: 71%
Magic:  2/7        EV: 13    Int:  9 (12) God:    Elyvilon [......]
Gold:   150        SH:  0    Dex: 12 (15) Spells: 3 memorised, 1 level left

rFire  . . .     SeeInvis .       - Unarmed
rCold  . . .     Gourm    .     b - +0 robe
rNeg   . . .     Faith    .     (no shield)
rPois  .         Spirit   .     (no helmet)
rElec  .         Reflect  .     (no cloak)
rCorr  .         Harm     .     (no gloves)
MR     .....                    (no boots)
Stlth  +.........               (no amulet)
                                (no ring)
                                (no ring)

@: lethally poisoned (0 -> -5), very slightly contaminated
A: change form in water, swift swim, stealthy swim
a: Renounce Religion


You were on level 2 of the Dungeon.
You worshipped Elyvilon.
Elyvilon was noncommittal.
You were hungry.

You visited 1 branch of the dungeon, and saw 3 of its levels.

You collected 150 gold pieces.

Inventory:

Missiles
 a - 31 arrows
 e - 71 stones (quivered)
Armour
 b - a +0 robe (worn)
Scrolls
 g - 2 scrolls of magic mapping {unknown}
 h - 2 scrolls of identify {unknown}
 j - a scroll of noise {unknown}
 k - a scroll of enchant armour {unknown}
 l - a scroll of recharging {unknown}
Books
 c - a book of Changes

   Spells                             Type                      Level
   a - Beastly Appendage              Transmutation                1
   b - Sticks to Snakes               Transmutation                2
   c - Spider Form                    Transmutation/Poison         3
   d - Ice Form                       Ice/Transmutation            4
   e - Blade Hands                    Transmutation                5
Comestibles
 d - a bread ration
 f - 3 chunks of flesh


   Skills:
 - Level 1.1 Fighting
 - Level 2.6 Dodging
 - Level 3.2 Unarmed Combat
 - Level 2.0 Spellcasting
 + Level 6.3 Transmutations


You had one spell level left.
You knew the following spells:

 Your Spells              Type           Power        Failure   Level  Hunger
a - Beastly Appendage     Tmut           ##....       2%          1    ##.....
b - Spider Form           Tmut/Pois      #.........   30%         3    ####...
c - Sticks to Snakes      Tmut           ##......     4%          2    ###....


Dungeon Overview and Level Annotations

Branches:
Dungeon (3/15)

Altars:
Elyvilon
Trog

Annotations:
D:1 1 runed door
D:3 sugabear's ghost, weakling DsGl


Message History

The adder is almost dead.
The adder bites you.
* * * LOW HITPOINT WARNING * * *
You miss the adder.
The adder is almost dead.
You feel sick. The adder misses you.
You closely miss the adder.
The adder is almost dead.
The adder bites you.
* * * LOW HITPOINT WARNING * * *
You closely miss the adder.
The adder is almost dead.
The adder bites you.
* * * LOW HITPOINT WARNING * * *
You are more poisoned.
The adder poisons you! The adder barely misses you.
It was a potion of degeneration.
There was something very wrong with that liquid.
You feel weakened.
You feel dopey.
You feel clumsy.
You die...

#...# #..# #..# #<#..
#...# ##.# #.g# #....
##### #.###..# #.###
#..##..# #.#..
########## ##.##..#
#.#.. .........#
#..#..# #.#..
....)....#####.#..###
#.#..
.........').........#
#.#..
.........###........#
#.#.. .........#
#........####### #.##.
##########
#....@.........# #....
# #.....S..#####.#
##### ###### #........#
#.# .....# #........#
#.#####
.....################
#.....# .....'......#
#####.###
.....######.###########
#...# .....#
#...........# #.###
.....# ###########.#
#.# .....# #)# #.#
.....# #.# #.#


You could see an adder.

Vanquished Creatures
  Robin (D:2)
  3 adders (D:2)
  A dart slug (D:1)
  3 bats (D:1)
  2 giant cockroaches (D:2)
  9 goblins
  11 hobgoblins
  4 jackals
  6 kobolds
  4 quokkas (D:2)
  2 ball pythons
  5 frilled lizards
  A rat (D:1)
52 creatures vanquished.

Notes
Turn   | Place    | Note
-------+----------+-------------------------------------------
     0 | D:1      | Eviona the Merfolk Transmuter began the quest for the Orb.
     0 | D:1      | Reached XP level 1. HP: 15/15 MP: 3/3
     1 | D:1      | Found a runed door.
    52 | D:1      | Reached skill level 3 in Transmutations
   234 | D:1      | Reached XP level 2. HP: 17/21 MP: 3/5
   385 | D:1      | Reached skill level 4 in Transmutations
   671 | D:1      | You fall through a shaft!
   840 | D:1      | Reached XP level 3. HP: 11/26 MP: 6/6
   846 | D:1      | Learned a level 3 spell: Spider Form
   849 | D:1      | Learned a level 2 spell: Sticks to Snakes
  1183 | D:2      | Found a white marble altar of Elyvilon.
  1222 | D:2      | Became a worshipper of Elyvilon the Healer
  1248 | D:2      | Reached skill level 5 in Transmutations
  1499 | D:2      | Noticed Robin
  1508 | D:2      | Killed Robin
  1511 | D:2      | Reached XP level 4. HP: 32/32 MP: 4/7
  1722 | D:2      | Found a bloodstained altar of Trog.
  1821 | D:2      | Reached skill level 6 in Transmutations
  1975 | D:2      | You fall through a shaft!
  2337 | D:3      | Noticed sugabear's ghost (weakling DsGl)
  2360 | D:2      | HP: 1/32 [adder (1)]
  2361 | D:2      | Succumbed to an adder's poison

Skill      XL: |  1  2  3  4 |
---------------+-------------+-----
Transmutations | 3 4 5 6 |  6.3
Fighting       | |  1.1
Dodging        | |  2.6
Unarmed Combat | |  3.2
Spellcasting   | |  2.0

Action                   |  1- 3 |  4- 6 || total
-------------------------+-------+-------++-------
Melee: Unarmed           |    83 |    75 ||   158
       Headbutt          |     8 |       ||     8
       Punch             |     1 |       ||     1
Throw: Stone             |    25 |    13 ||    38
 Cast: Beastly Appendage |    10 |       ||    10
       Spider Form       |     4 |     8 ||    12
       Sticks to Snakes  |       |     1 ||     1
  Use: Potion            |       |     1 ||     1
 Stab: Sleeping          |       |     2 ||     2
  Eat: Chunk             |     2 |     5 ||     7
Armor: Robe              |     4 |     2 ||     6
Dodge: Dodged            |    54 |    53 ||   107
